 Dungeon Crawl Stone Soup version 0.28-b1-78-gc65acfa365 (webtiles) character file.

Game seed: 17477275666624784810

4 Descartes the Sneak (level 1, 0/10 HPs)
             Began as a Deep Elf Wanderer on Feb 4, 2022.
             Slain by a hobgoblin (3 damage)
             ... on level 1 of the Dungeon.
             The game lasted 00:01:24 (60 turns).

Descartes the Sneak (Deep Elf Wanderer)               Turns: 60, Time: 00:01:24

Health: 0/10       AC:  3    Str:  7    XL:     1   Next: 50%
Magic:  5/5        EV: 11    Int: 17    God:
Gold:   16         SH:  0    Dex: 15    Spells: 2/3 levels left

rFire   . . .      SeeInvis .   a - +2 hunting sling
rCold   . . .      Faith    .   (no shield)
rNeg    . . .      Spirit   .   d - +0 robe
rPois   .          Reflect  .   (no helmet)
rElec   .          Harm     .   (no cloak)
rCorr   .          Rampage  .   (no gloves)
Will    .....                   c - +0 pair of boots
Stlth   ++........              (no amulet)
HPRegen 0.03/turn               (no ring)
MPRegen 0.09/turn               (no ring)

@: no status effects
A: no striking features
a: no special abilities


You were on level 1 of the Dungeon.
You visited 1 branch of the dungeon, and saw 1 of its levels.

You collected 16 gold pieces.

Inventory:

Hand Weapons
 a - a +2 hunting sling (weapon)
Missiles
 b - 26 sling bullets (quivered ammo)
 e - 5 stones
Armour
 c - a +0 pair of boots (worn)
 d - a +0 robe (worn)


   Skills:
 - Level 3.2 Slings
 - Level 1.0 Armour
 + Level 0.3 Dodging
 - Level 3.6 Stealth
 + Level 1.7 Spellcasting
 + Level 0.2 Conjurations
 + Level 1.2 Transmutations
 + Level 0.2 Poison Magic


You had 2 spell levels left.
You knew the following spells:

 Your Spells              Type           Power      Damage    Failure   Level
a - Beastly Appendage     Tmut           10%        N/A       12%         1

Your spell library contained the following spells:

 Spells                   Type           Power      Damage    Failure   Level
 Spider Form              Tmut/Pois      4%         N/A       41%         3


Dungeon Overview and Level Annotations

Branches:
Dungeon (1/15)

Altars:


Message History

You see here a +0 dagger.
A rat comes into view.
Found 16 gold pieces.
You shoot a sling bullet. The sling bullet hits the rat.
You kill the rat!
You now have 16 gold pieces.
A hobgoblin comes into view.
You see here a sling bullet.
You shoot a sling bullet. The sling bullet hits the hobgoblin.
The hobgoblin is almost dead.
You shoot a sling bullet.
The sling bullet closely misses the hobgoblin.
The hobgoblin hits you.
You shoot a sling bullet.
The sling bullet closely misses the hobgoblin.
The hobgoblin hits you.
You are too injured to fight recklessly!
Really attack while wielding your +2 hunting sling? [Y]es or [N]o only, please.
Really attack while wielding your +2 hunting sling? [Y]es or [N]o only, please.
Really attack while wielding your +2 hunting sling?
Okay, then.
Really attack while wielding your +2 hunting sling? [Y]es or [N]o only, please.
Really attack while wielding your +2 hunting sling?
You clumsily bash the hobgoblin but do no damage.
The hobgoblin is almost dead.
The hobgoblin hits you.
* * * LOW HITPOINT WARNING * * *
You clumsily bash the hobgoblin but do no damage.
The hobgoblin is almost dead.
The hobgoblin barely misses you. x2
You clumsily bash the hobgoblin but do no damage.
The hobgoblin is almost dead.
The hobgoblin hits you but does no damage.
You clumsily bash the hobgoblin but do no damage.
The hobgoblin is almost dead.
The hobgoblin hits you.
You die...

#......#..##...
#..).....†.....
#.####......#..###..
#.............†# #..
#.#.######......##.#
#..
................##.#
###
.#(###.##.##.####..
#.#..(#.......# ##.#
# #(?...g@...#### .#
#####.###### .# #.
.# #


You could see a hobgoblin.

Vanquished Creatures
  A giant cockroach (D:1)
  A kobold (D:1)
  A frilled lizard (D:1)
  A rat (D:1)
4 creatures vanquished.

Notes
Turn   | Place    | Note
-------+----------+-------------------------------------------
     0 | D:1      | Descartes the Deep Elf Wanderer began the quest for the
                  | Orb.
     0 | D:1      | Descartes set off with the following items: a +2 hunting
                  | sling, 17 sling bullets, a +0 pair of boots, a +0 robe; and
                  | the following spell memorised: Beastly Appendage; and the
                  | following spells available to memorise: Spider Form
     0 | D:1      | Reached XP level 1. HP: 10/10 MP: 5/5
    60 | D:1      | Slain by a hobgoblin

Illustrated notes

Levels and vault maps discovered:
D:1:      dpeg_arrival_lava_altar, layout_loops_ring

Action                   || total
-------------------------++-------
Melee: Hunting sling     ||     4
 Fire: Hunting sling     ||    10
 Cast: Beastly Appendage ||     1
Armor: Robe              ||     2
Dodge: Dodged            ||     2
